 Dungeon Crawl Stone Soup version 0.29-a0-962-gc8bbfd0a37 (webtiles) character file.

Game seed: 140720204102806326

63 spiderkeys the Trooper (level 3, -12/34 HPs)
             Began as a Minotaur Chaos Knight on July 31, 2022.
             Was a Plaything of Xom.
             Killed from afar by a ynoxinul (13 damage)
             ... with an iron shot
             ... summoned by Xom
             ... on level 2 of the Dungeon.
             The game lasted 00:02:20 (2209 turns).

spiderkeys the Trooper (Minotaur Chaos Knight)      Turns: 2209, Time: 00:02:20

Health: -12/34     AC:  6    Str: 18    XL:     3   Next: 89%
Magic:  2/2        EV: 11    Int:  9    God:    Xom [....*.]
Gold:   127        SH:  0    Dex:  9    Spells: 2/2 levels left

rFire   + . .      SeeInvis .   a - +0 hand axe (chaos)
rCold   . . .      Faith    .   (no shield)
rNeg    . . .      Spirit   .   m - +2 robe {rF+}
rPois   .          Reflect  .   (helmet restricted)
rElec   .          Harm     .   o - +0 cloak
rCorr   .          Rampage  .   q - +0 pair of gloves
Will    .....                   (no boots)
Stlth   +.........              (no amulet)
HPRegen 0.11/turn               (no ring)
MPRegen 0.08/turn               (no ring)

@: no status effects
A: horns 2, retaliatory headbutt
a: Renounce Religion


You were on level 2 of the Dungeon.
You worshipped Xom.
You were a beloved toy of Xom.
You visited 1 branch of the dungeon, and saw 2 of its levels.

You collected 127 gold pieces.


Innate Abilities, Weirdness & Mutations

You have a pair of horns on your head.
You reflexively headbutt those who attack you in melee.


   Skills:
 + Level 4.5 Fighting
 + Level 4.4 Axes
 + Level 3.5 Armour
 - Level 1.1 Dodging


You had 2 spell levels left.
You didn't know any spells.
Your spell library was empty.

Inventory:

Hand Weapons
 a - a +0 hand axe of chaos (weapon)
Missiles
 k - 23 stones
Armour
 b - a +2 leather armour
 m - a +2 robe of fire resistance (worn)
   (You found it on level 1 of the Dungeon)
 n - a +0 leather armour
   (You found it on level 2 of the Dungeon)
 o - a +0 cloak (worn)
   (You found it on level 2 of the Dungeon)
 q - a +0 pair of gloves (worn)
   (You found it on level 2 of the Dungeon)
Scrolls
 h - 2 scrolls of enchant armour
 i - a scroll of poison {!r}
 p - a scroll of teleportation {@r4}
Potions
 d - a potion of mutation {unknown}
 e - 2 potions of haste {unknown}
 f - a potion of curing {unknown}
 g - a potion of degeneration {unknown}
 j - 2 potions of flight {unknown}
Miscellaneous
 c - a piece from Xom's chessboard (15/15) (quivered)

Dungeon Overview and Level Annotations

Branches:
Dungeon (2/15) Zot: 9762

Altars:

..# #............#
..####### ######...#####
......... #...# †.######
### ######.>.# ..# #.)
.........##### #)#####
#.# #######.......
#.....# #.# ##.#####
#.###.##########5# #.#
#.#............5@#######
#.#
..#.#.#########5535.....
..# ........# ##5#######
### ###.###.# #.# #.#
#.########.# ###.#
#..........# ....#
############ #####


You could see a ynoxinul (summoned, fast), an iron imp (summoned) and 5 ufetubi.


Message History

The ball python grabs you.
The ball python constricts you. 😕 HP[-1]
You take 1 damage, and now have 31/34 hp.
You hit the ball python but do no damage.
The ball python seems to grow stronger.
The ball python barely misses you. The ball python constricts you.
The ball python barely misses you.
The ball python constricts you. 😕 HP[-1]
You take 1 damage, and now have 30/34 hp.
You closely miss the ball python.
The ball python bites you but does no damage.
The ball python constricts you.
Your unstable footing causes you to fumble your attack.
The ball python bites you but does no damage.
The ball python constricts you.
A ball python is nearby!
A ball python is nearby!
You closely miss the ball python. Your headbutt misses the ball python.
The ball python barely misses you. The ball python constricts you.
You hit the ball python. You burn the ball python.
You kill the ball python!
No target in view!
You see here a ball python corpse.
You enter the shallow water.
Moving in this stuff is going to be slow.
You now have 113 gold pieces (gained 12).
Key pressed, stopping explore.
Key pressed, stopping explore.
You see here a +0 short sword.
l - 3 scrolls labelled UGUOVVI XIASH (gained 1) Key pressed, stopping explore.
You now have 127 gold pieces (gained 14).
A ball python comes into view.
The ball python hisses angrily. 😎 HP[+4]
Your hp is fully restored (34).
You hit the ball python. The ball python closely misses you.
You furiously retaliate!
You headbutt the ball python.
You kill the ball python!
No target in view!
No target in view!
As you read the scroll labelled UGUOVVI XIASH, it crumbles to dust.
It is a scroll of identify.
p - a scroll of teleportation
As you read the scroll of identify {@r1}, it crumbles to dust.
i - a scroll of poison
As you read the scroll of identify {@r1}, it crumbles to dust.
h - 2 scrolls of enchant armour You see here a ball python corpse.
You see here a ball python corpse.
You see here a +0 short sword.
Key pressed, stopping explore.
You see here a +1 dagger of speed.
You enter the shallow water.
Moving in this stuff is going to be slow.
You enter the shallow water.
Moving in this stuff is going to be slow. "Time to have some fun!"
You are now a beloved toy of Xom.
You completely miss the ynoxinul. Your headbutt misses the ynoxinul.
The ynoxinul closely misses you.
You hit the ynoxinul. The ynoxinul hits you. 😕 HP[-4]
You take 4 damage, and now have 30/34 hp.
You hit the ynoxinul but do no damage.
The ynoxinul seems to speed up.
Xom thinks this is hilarious!
Your headbutt misses the ynoxinul.
The ynoxinul gestures.
You slash the ynoxinul! You burn the ynoxinul.
Your headbutt misses the ynoxinul.
You hit the ufetubus but do no damage. x2
The ynoxinul gestures.
The ufetubus completely misses you. You furiously retaliate!
You headbutt the ufetubus. The ufetubus closely misses you.
The ufetubus hits you. x2; The ynoxinul barely misses you.
You furiously retaliate!
You headbutt the ynoxinul! 😮 HP[-6]
You take 6 damage, and now have 24/34 hp.
You barely miss the ynoxinul. You headbutt the ynoxinul.
You barely miss the ufetubus. x2; You closely miss the ufetubus.
You barely miss the ufetubus. The ufetubus hits you.
The ufetubus hits you but does no damage.
The ufetubus closely misses you. The ufetubus barely misses you.
The ufetubus hits you.
The ufetubus hits you but does no damage.
The ynoxinul gestures at you. The iron shot hits you!
* * * LOW HITPOINT WARNING * * *
The ufetubus hits you but does no damage.
The ufetubus barely misses you. The ufetubus closely misses you.
The ufetubus barely misses you. The ufetubus hits you.
* * * LOW HITPOINT WARNING * * *
The ufetubus closely misses you.
The ufetubus hits you but does no damage.
The ufetubus barely misses you. The ynoxinul gestures at you.
The iron shot hits you!
You die...
Xom titters!

Skill      XL: |  1  2 |
---------------+-------+-----
Fighting       | 4 |  4.5
Axes           | 4 |  4.4
Armour         | 3 |  3.5
Dodging        | |  1.1

Action                   || total
-------------------------++-------
Melee: Hand axe          ||    89
       Headbutt          ||    11
  Use: Scroll            ||     3
Armor: Leather armour    ||    27
       Robe              ||    13
Dodge: Dodged            ||    66

Levels and vault maps discovered:
D:1:      moated_graveyard_arrival, layout_basic
D:2:      wander_river, layout_loops_ring

Notes
Turn   | Place    | Note
-------+----------+-------------------------------------------
     0 | D:1      | spiderkeys the Minotaur Chaos Knight began the quest for
                  | the Orb.
     0 | D:1      | Reached XP level 1. HP: 19/19 MP: 0/0
     0 | D:1      | magus.rc [v1.11.3]
    22 | D:1      | XOM: silly message
   314 | D:1      | Reached XP level 2. HP: 27/27 MP: 1/1
   347 | D:1      | XOM: fake destruction
   367 | D:1      | Reached skill level 4 in Fighting
   475 | D:1      | Reached skill level 4 in Axes
   482 | D:1      | Reached skill level 3 in Armour
  1403 | D:1      | Reached XP level 3. HP: 32/33 MP: 2/2
  1419 | D:1      | XOM: noise
  1605 | D:2      | XOM: noise
  1975 | D:2      | XOM: 1-stop teleportation journey
  2204 | D:2      | XOM: summons 2 hostile demons
  2205 | D:2      | Noticed a ynoxinul
  2209 | D:2      | HP: 3/34 [ynoxinul/iron shot[Xom] (15)]
  2209 | D:2      | HP: 1/34 [ufetubus[Xom] (2)]
  2209 | D:2      | Killed from afar by a ynoxinul

Vanquished Creatures
  An adder (D:2)
  2 worms (D:2)
  6 endoplasms
  3 giant cockroaches (D:1)
  5 goblins
  5 hobgoblins
  2 jackals (D:1)
  4 ball pythons (D:2)
  4 bats
  A frilled lizard (D:2)
  6 kobolds (D:1)
  3 rats (D:1)
42 creatures vanquished.

Table legend:
 A = Non-vault XP
 B = Vault XP
 C = Vault XP percentage of total XP
 D = Non-vault monster count
 E = Vault monster count
 F = Vault count percentage of total count
                 A         B        C        D         E       F
            +---------+---------+-------+---------+---------+-------
      Total |      91 |       0 |   0.0 |      42 |       0 |   0.0
            +---------+---------+-------+---------+---------+-------
        D:1 |      44 |       0 |   0.0 |      26 |       0 |   0.0
        D:2 |      47 |       0 |   0.0 |      16 |       0 |   0.0
            +---------+---------+-------+---------+---------+-------

Illustrated notes

Table legend:
 A = Kills in this place as a percentage of kills in entire the game.
 B = Kills by you in this place as a percentage of kills by you in the entire game.
 C = Kills by friends in this place as a percentage of kills by friends in the entire game.
 D = Other kills in this place as a percentage of other kills in the entire game.
 E = Experience gained in this place as a percentage of experience gained in the entire game.
 F = Experience gained in this place divided by the number of levels of this place that you have seen.
                   A       B       C       D       E      F
               +-------+-------+-------+-------+-------+----------------------
         Total | 100.0 | 100.0 |   N/A |   N/A | 100.0 |  45.5
       Dungeon | 100.0 | 100.0 |   N/A |   N/A | 100.0 |  45.5
               +-------+-------+-------+-------+-------+----------------------

Table legend: (Time is in decaauts)
 A = Elapsed time spent in this place.
 B = Non-inter-level travel time spent in this place.
 C = Inter-level travel time spent in this place.
 D = Time resting spent in this place.
 E = Time spent auto-exploring this place.
 F = Levels seen in this place.
 G = Mean time per level.
                   A        B        C        D        E       F      G
               +--------+--------+--------+--------+--------+-----+--------+
         Total |   2236 |   2224 |     12 |      0 |   1936 |   2 | 1118.0 |
       Dungeon |   2236 |   2224 |     12 |      0 |   1936 |   2 | 1118.0 |
               +--------+--------+--------+--------+--------+-----+--------+

Top non-repeatable levels by time:
     D:1: 1476 daAuts
     D:2: 759 daAuts
